 Dungeon Sprint DCSS version 0.16-a0-3049-g2a447e9 (webtiles) character file.

68 BluebellGnoll the Gouger (level 4, -2/19 HPs)
             Began as a Felid Transmuter on Dec 9, 2014.
             Was an Initiate of Makhleb.
             Slain by a hippogriff (shapeshifter) (4 damage)
             ... in the Dungeon (Sprint V: "Ziggurat Sprint").
             The game lasted 00:01:44 (50 turns).

BluebellGnoll the Gouger (Felid Transmuter)           Turns: 50, Time: 00:01:45

Health: -2/19      AC:  1    Str: 12    XL:     4   Next: 1%
Magic:  18/18      EV: 18    Int: 21    God:    Makhleb [......]
Gold:   0          SH:  0    Dex: 17    Spells: 1 memorised, 14 levels left
                                        Lives:  0   Deaths: 1

rFire  . . .     SeeInvis +       - Unarmed
rCold  . . .     Clarity  .     (armour unavailable)
rNeg   . . .     SustAb   .     (shield unavailable)
rPois  .         Gourm    .     (helmet unavailable)
rElec  .         Spirit   .     (cloak unavailable)
rCorr  .         Warding  .     (gloves unavailable)
rMut   .         NoTele   +     (boots unavailable)
MR     .....                    (no amulet)
Stlth  ++........               q - +6 ring of intelligence
                                s - +6 ring of strength

@: appendage, quick, not resistant to hostile enchantments, unstealthy
A: paw claws, no armour, no weapons or thrown items, fangs 3, horns 2, see
invisible, carnivore 3, speed 1, shaggy fur 1, slow metabolism 1
a: End Transformation, Renounce Religion


You were in the Dungeon.
You worshipped Makhleb.
Makhleb was noncommittal.
You were not hungry.
You had grown temporary horns.
You visited 1 branch

Inventory:

Missiles
 b - 12 arrows
Jewellery
 q - a +6 ring of intelligence (right paw)
 r - a +6 ring of strength
 s - a +6 ring of strength (left paw)
Magical devices
 c - a wand of disintegration (4)
 k - a wand of fire (5)
 l - a wand of cold (5)
 m - a wand of draining (5)
Scrolls
 j - 4 scrolls of blinking
 n - 4 scrolls of amnesia
 o - 3 scrolls of recharging
 p - 7 scrolls of fog
 t - a scroll of holy word
 u - 5 scrolls of identify
 v - 5 scrolls of remove curse
 w - 2 scrolls of fear
Potions
 e - 10 potions of curing
 f - 9 potions of heal wounds
 g - 6 potions of haste
 h - 7 potions of magic
 i - 2 potions of berserk rage
 x - 2 potions of brilliance
 z - 2 potions of invisibility
 A - 2 potions of restore abilities
 B - 4 potions of resistance
 D - 5 potions of agility
 E - 4 potions of might
Books
 d - a book of Changes

   Spells                             Type                      Level
   a - Beastly Appendage              Transmutation                1
   b - Sticks to Snakes               Transmutation                2
   c - Spider Form                    Transmutation/Poison         3
   d - Ice Form                       Ice/Transmutation            4
   e - Blade Hands                    Transmutation                5
Comestibles
 a - 5 meat rations


   Skills:
 - Level 1.0 Fighting
 - Level 2.6 Dodging
 - Level 8.0 Unarmed Combat
 + Level 6.0 Spellcasting
 + Level 6.3 Transmutations


You had 14 spell levels left.
You knew the following spells:

 Your Spells              Type           Power        Failure   Level  Hunger
a - Beastly Appendage     Trmt           ####..       1%          1    None


Dungeon Overview and Level Annotations

Branches:
Dungeon (1/1)

Altars:
Ashenzari
Cheibriados
Dithmenos
Elyvilon
Fedhas
Gozag
Kikubaaqudgha
Makhleb
Nemelex Xobeh
Okawaru
Qazlal
Ru
Sif Muna
Trog
Vehumet
Xom
Yredelemnul
Zin
The Shining One
Beogh
Jiyva
Lugonu


Innate Abilities, Weirdness & Mutations

You cannot wear armour.
You are incapable of wielding weapons or throwing items.
Your paws have sharp claws.
You have razor-sharp teeth.
You have supernaturally acute eyesight.
You are carnivorous and can eat meat at any time.
You cover ground quickly.
You are covered in fur (AC +1).
You have a slow metabolism.
You have a pair of horns on your head.


Message History

Casting: Beastly Appendage
Confirm with . or Enter, or press ? or * to list all spells.
You grow a pair of large bovine horns.
The hippogriff bites you! The hippogriff pecks you.
The hippogriff barely misses you.
You scratch the hippogriff.
The hippogriff begins to bleed from its wounds!
Your headbutt misses the hippogriff. Your claw misses the hippogriff.
The hippogriff is heavily wounded.
The hippogriff closely misses you. The hippogriff barely misses you.
The hippogriff closely misses you.
You barely miss the hippogriff. Your headbutt misses the hippogriff.
You bite the hippogriff.
The hippogriff is severely wounded.
You scratch the hippogriff but do no damage.
You headbutt the hippogriff!
The hippogriff is almost dead.
The hippogriff completely misses you. The hippogriff pecks you!
* * * LOW HITPOINT WARNING * * *
The hippogriff claws you.
You die...

▓▓▓▓▓▓▓
▓.8©8.▓
▓....@▓
▓.|.[H▓
▓.....▓
▓.)...▓
▓..†..▓
▓▓▓▓▓▓▓


You could see a hippogriff shaped shifter (bleeding).

Vanquished Creatures
  A deep elf fighter (D)
1 creature vanquished.

Vanquished Creatures (others)
  A spatial maelstrom (D)
1 creature vanquished.

Grand Total: 2 creatures vanquished

Notes
Turn   | Place    | Note
--------------------------------------------------------------
     0 | D        | BluebellGnoll, the Felid Transmuter, began the quest for the Orb.
     0 | D        | Reached XP level 1. HP: 9/9 MP: 4/4
     0 | D        | Found a viscous altar of Jiyva.
     0 | D        | Found a corrupted altar of Lugonu.
     0 | D        | Found a white marble altar of Elyvilon.
     2 | D        | Found a sparkling altar of Nemelex Xobeh.
     2 | D        | Found a burning altar of Makhleb.
     3 | D        | Found a deep blue altar of Sif Muna.
     3 | D        | Found a bloodstained altar of Trog.
     6 | D        | Found an iron altar of Okawaru.
    13 | D        | Banished a spatial maelstrom
    14 | D        | Found a radiant altar of Vehumet.
    15 | D        | Found a basalt altar of Yredelemnul.
    28 | D        | Became a worshipper of Makhleb the Destroyer
    30 | D        | Found a shimmering altar of Xom.
    31 | D        | Reached skill level 8 in Unarmed Combat
    31 | D        | Reached XP level 2. HP: 12/12 MP: 5/5
    33 | D        | Entered arena 1.
    33 | D        | Noticed a deep elf fighter
    33 | D        | Noticed a soldier ant
    40 | D        | Noticed a hippogriff
    40 | D        | a soldier ant changed into a hippogriff
    44 | D        | Killed a deep elf fighter
    44 | D        | Reached XP level 3. HP: 1/15 MP: 5/14
    44 | D        | Reached XP level 4. HP: 1/19 MP: 6/18
    44 | D        | Reached XP level 5. HP: 1/22 MP: 6/19
    44 | D        | Succumbed to a soldier ant's poison
    45 | D        | Reached XP level 4. HP: 0/28 MP: 5/18
    50 | D        | Slain by a hippogriff (shapeshifter)

Action                   |  1- 3 |  4- 6 || total
-------------------------+-------+-------++-------
Melee: Unarmed           |     7 |     3 ||    10
 Cast: Beastly Appendage |     1 |     1 ||     2
Evoke: Wand              |     1 |     2 ||     3
  Use: Potion            |     4 |       ||     4
